 Dungeon Crawl Stone Soup version 0.17.1-2-g5865329 (webtiles) character file.

14 Arkorax the Sneak (level 2, 0/25 HPs)
             Began as a Deep Dwarf Wanderer on Jan 12, 2016.
             Slain by a kobold
             ... wielding a +0 short sword
              (2 damage)
             ... on level 1 of the Dungeon.
             The game lasted 00:01:02 (291 turns).

Arkorax the Sneak (Deep Dwarf Wanderer)              Turns: 291, Time: 00:01:02

Health: 0/25       AC:  3    Str: 17    XL:     2   Next: 31%
Magic:  4/4        EV: 11    Int: 13    God:
Gold:   11         SH:  0    Dex:  9    Spells: 0 memorised, 4 levels left

rFire  . . .     SeeInvis .     g - +0 dagger
rCold  . . .     Clarity  .     d - +0 robe
rNeg   . . .     SustAt   .     (no shield)
rPois  .         Gourm    .     (no helmet)
rElec  .         Spirit   .     (no cloak)
rCorr  .         Warding  .     l - +0 pair of gloves
rMut   .         Stasis   .     (no boots)
MR     .....                    (no amulet)
Stlth  ++........               (no ring)
                                (no ring)

@: non-regenerating, not resistant to hostile enchantments, unstealthy
A: damage resistance, recharge devices, sense surroundings 1, slow regeneration
3
a: Device Recharging


You were on level 1 of the Dungeon.
You were not hungry.

You visited 1 branch of the dungeon, and saw 1 of its levels.

You collected 11 gold pieces.

Inventory:

Hand Weapons
 e - a +0 club
 g - a +0 dagger (weapon)
Armour
 d - a +0 robe (worn)
 l - a +0 pair of gloves (worn)
Jewellery
 i - an uncursed amulet of resist mutation {unknown}
 m - an uncursed ring of stealth {unknown}
Wands
 f - a wand of heal wounds (5)
Scrolls
 k - a scroll of noise {unknown}
Potions
 c - a potion of lignification
 j - a potion of flight {unknown}
Books
 a - a book of Spatial Translocations

   Spells                             Type                      Level
   a - Apportation                    Translocation                1
   b - Blink                          Translocation                2
   c - Shroud of Golubria             Charms/Translocation         2
   d - Portal Projectile              Translocation                3
   e - Teleport Other                 Translocation                3
   f - Passage of Golubria            Translocation                4
 b - Vaivelosch's Handbook of Sinister Rituals

   Spells                             Type                      Level
   a - Pain                           Necromancy                   1
   b - Sublimation of Blood           Necromancy                   2
Comestibles
 h - a bread ration


   Skills:
 * Level 1.5 Fighting
   Level 2.1 Axes
 + Level 1.0 Armour
 + Level 1.0 Dodging
 - Level 2.4 Stealth
 - Level 1.7 Spellcasting
   Level 1.1 Translocations
   Level 1.7 Ice Magic


You had 4 spell levels left.
You didn't know any spells.

Dungeon Overview and Level Annotations

Branches:
Dungeon (1/15)

Altars:


Innate Abilities, Weirdness & Mutations

You are resistant to damage.
You can recharge devices by infusing magical energy.
You passively map a small area around you.
You do not regenerate naturally.


Message History

You hit the kobold but do no damage. The kobold hits you but does no damage.
The kobold hits you with a short sword. The kobold barely misses you.
The kobold hits you with a short sword.
* * * LOW HITPOINT WARNING * * *
The kobold completely misses you. The kobold hits you with a short sword.
The kobold barely misses you. The kobold closely misses you.
The kobold misses you. The kobold hits you with a short sword.
* * * LOW HITPOINT WARNING * * *
The kobold hits you but does no damage. The kobold hits you with a short sword.
* * * LOW HITPOINT WARNING * * *
The kobold hits you but does no damage. The kobold barely misses you.
The kobold hits you with a short sword. The kobold hits you with a short sword.
You die...

#...........#*#.....
#...........####...#
#............#...#..
#...........†....###
#...................
#.................#.
#....[..............
#.....(.......##....
#.K@..........##....
#######(##.....#.##.
#.###......##. #.#
###....... #.#
##....##.#
#.###..#####..
#####.##..## ###
#........##
#.###..#..#


You could see a kobold.

Vanquished Creatures
  A giant gecko (D:1)
  2 ball pythons (D:1)
  A bat (D:1)
  A goblin (D:1)
  3 hobgoblins (D:1)
  2 giant newts (D:1)
  2 rats (D:1)
12 creatures vanquished.

Notes
Turn   | Place    | Note
--------------------------------------------------------------
     0 | D:1      | Arkorax the Deep Dwarf Wanderer began the quest for the Orb.
     0 | D:1      | Arkorax set off with: a book of Spatial Translocations, Vaivelosch's Handbook of Sinister Rituals, a potion of lignification, a +0 robe, a +0 club, a +0 dagger, a wand of heal wounds (5), a bread ration
     0 | D:1      | Reached XP level 1. HP: 18/18 MP: 3/3
   147 | D:1      | Reached XP level 2. HP: 15/25 MP: 4/4
   199 | D:1      | Reached skill level 1 in Armour
   262 | D:1      | Reached skill level 1 in Dodging
   291 | D:1      | Slain by a kobold

Action                   || total
-------------------------++-------
Melee: Dagger            ||    67
 Stab: Sleeping          ||     1
